 Dungeon Crawl Stone Soup version 0.20-a0-507-gc86f373 (webtiles) character file.

459 Leszczynek the Caller (level 6, -5/34 HPs)
             Began as a Deep Elf Wanderer on Jan 21, 2017.
             Was a Believer of Elyvilon.
             Killed from afar by Pikel (22 damage)
             ... with a wand of lightning (?/15)
             ... on level 6 of the Dungeon.
             The game lasted 00:20:16 (8045 turns).

Leszczynek the Caller (Deep Elf Wanderer)           Turns: 8045, Time: 00:20:17

Health: -5/34      AC:  3    Str:  7    XL:     6   Next: 78%
Magic:  12/12      EV: 13    Int: 21    God:    Elyvilon [**....]
Gold:   188        SH:  0    Dex: 14    Spells: 3/11 levels left

rFire    . . .     SeeInvis .   a - +0 short sword
rCold    . . .     Gourm    .   f - +0 robe
rNeg     . . .     Faith    +   (no shield)
rPois    .         Spirit   .   (no helmet)
rElec    .         Reflect  .   (no cloak)
rCorr    .         Harm     .   q - +0 pair of gloves
MR       +....                  (no boots)
Stlth    ++........             h - amulet of faith
Regen    0.2/turn               o - +1 ring of evasion
                                n - ring of protection from magic

@: no status effects
A: no striking features
a: Lesser Healing, Heal Other, Divine Protection, Renounce Religion


You were on level 6 of the Dungeon.
You worshipped Elyvilon.
Elyvilon was pleased with you.
You were near starving.

You visited 1 branch of the dungeon, and saw 6 of its levels.

You collected 188 gold pieces.

Inventory:

Hand Weapons
 a - a +0 short sword (weapon)
 e - a +0 dagger
Armour
 f - a +0 robe (worn)
 q - a +0 pair of gloves (worn)
 r - a +0 buckler
Jewellery
 h - an amulet of faith (around neck)
 n - a ring of protection from magic (left hand)
 o - a +1 ring of evasion (right hand)
Scrolls
 c - 2 scrolls of teleportation
 g - a scroll of recharging
 k - a scroll of enchant weapon {unknown}
 v - 6 scrolls of identify {@r1}
 x - a scroll of enchant armour {unknown}
Potions
 i - a potion of cure mutation {!q}
 j - a potion of curing {@q1}
 l - a potion of ambrosia {unknown}
 p - a potion of magic {unknown}
Books
 b - Icuoce's Handbook of Transformation

   Spells                             Type                      Level
   a - Beastly Appendage              Transmutation                1
   b - Spider Form                    Transmutation/Poison         3
 m - a book of Callings

   Spells                             Type                      Level
   a - Summon Small Mammal            Summoning                    1
   b - Call Imp                       Summoning                    2
   c - Call Canine Familiar           Summoning                    3
   d - Summon Guardian Golem          Hexes/Summoning              3
   e - Summon Lightning Spire         Summoning/Air                4
   f - Summon Ice Beast               Ice/Summoning                4
 u - a book of Minor Magic

   Spells                             Type                      Level
   a - Magic Dart                     Conjuration                  1
   b - Blink                          Translocation                2
   c - Call Imp                       Summoning                    2
   d - Repel Missiles                 Charms/Air                   2
   e - Slow                           Hexes                        2
   f - Conjure Flame                  Conjuration/Fire             3
   g - Mephitic Cloud                 Conjuration/Poison/Air       3
Comestibles
 d - 3 bread rations


   Skills:
 - Level 1.0 Fighting
   Level 1.1 Bows
 - Level 1.0 Armour
 - Level 1.0 Dodging
 - Level 2.4 Stealth
 + Level 0.0 Shields
 - Level 3.0 Spellcasting
 * Level 6.4 Summonings
   Level 1.1 Transmutations
 - Level 4.1 Air Magic


You had 3 spell levels left.
You knew the following spells:

 Your Spells              Type           Power        Failure   Level  Hunger
a - Summon Small Mammal   Summ           ####         1%          1    None
c - Call Canine Familiar  Summ           ####....     2%          3    ###....
f - Summon Lightning Spi  Summ/Air       ####....     17%         4    ####...


Dungeon Overview and Level Annotations

Branches:
Dungeon (6/15)
 Temple: D:4-7

Altars:
Dithmenos
Elyvilon
Hepliaklqana
Ru

Shops:
D:4 =

Annotations:
D:3 Kidiri's ghost, amateur DEFE
D:4 orc warrior, 2+ orc wizards, exclusion: phantom
D:6 exclusion: ice beast, Pikel


Message History

v - 6 scrolls of identify {@r1} (gained 1)
There is an escape hatch in the ceiling here.
An ice beast comes into view.
Press: ? - help, . - travel You can't see that place. [the floor.] Placed new exclusion.
There is an escape hatch in the ceiling here.
You open the door. 3 slaves and Pikel come into view.
Pikel is wielding a whip of electrocution.
The slave shouts!
Pikel shouts!
Unknown command.
You are near starving!
Pikel zaps a wand.
The bolt of lightning hits you!
Ouch! That really hurt!
It is a wand of lightning (?/15).
Pikel zaps a wand.
The bolt of lightning hits you!
Ouch! That really hurt!
You die...

#..p.####
#####K......#
#.....Y..##.# ###
#.....<..##.# #..
#........#...
#.###p.......#Y...
##...#........#....#
..#.#.[......#....#
#.#.@........#.....
#.#..#.########.####
#<...#... ###..#####
...# ##..# ##.# ..#
##


You could see Pikel, an ice beast and a slave.

Vanquished Creatures
  An orc priest (D:4)
  A hound skeleton (D:4)
  An adder zombie (D:5)
  A dart slug (D:5)
  4 leopard geckos
  3 orcs
  5 goblins
  6 hobgoblins
  3 jackals
  5 kobolds
  A quokka (D:2)
  2 ball pythons
  2 bats (D:2)
  8 rats
43 creatures vanquished.

Vanquished Creatures (collateral kills)
  An ogre (D:5)
  A bullfrog (D:3)
  A scorpion (D:5)
  A crimson imp (D:5)
  A hound (D:4)
  A centaur skeleton (D:4)
  A jelly (D:4)
  2 orc wizards (D:5)
  A bullfrog skeleton (D:5)
  An orc priest (D:5)
  An iguana (D:5)
  2 worker ants
  A gnoll (D:5)
  6 adders
  An ooze (D:2)
  3 worms
  A dart slug (D:5)
  A leopard gecko (D:1)
  6 orcs (D:5)
  2 giant cockroaches (D:1)
  6 goblins
  A hobgoblin (D:3)
  6 jackals
  3 kobolds (D:3)
  3 quokkas
  A ball python (D:2)
  3 frilled lizards
58 creatures vanquished.

Grand Total: 101 creatures vanquished

Notes
Turn   | Place    | Note
-------+----------+-------------------------------------------
     0 | D:1      | Leszczynek the Deep Elf Wanderer began the quest for the Orb.
     0 | D:1      | Leszczynek set off with: a book of Callings, Icuoce's Handbook of Transformation, a scroll of teleportation, a bread ration, a +0 dagger, a +0 robe
     0 | D:1      | Reached XP level 1. HP: 12/12 MP: 6/6
     0 | D:1      | stats 7/18/14 (+2/+6/+4)
     0 | D:1      | Identified Icuoce's Handbook of Transformation
     0 | D:1      | this is a summoner, more or less
     2 | D:1      | Learned a level 1 spell: Summon Small Mammal
   173 | D:1      | Reached skill level 3 in Summonings
   173 | D:1      | Reached XP level 2. HP: 14/16 MP: 6/8
   405 | D:1      | Learned a level 2 spell: Call Imp
  2060 | D:2      | Reached skill level 1 in Dodging
  2152 | D:2      | Reached XP level 3. HP: 19/20 MP: 7/9
  2212 | D:2      | Found a shadowy altar of Dithmenos.
  2249 | D:2      | Found a hazy altar of Hepliaklqana.
  2466 | D:2      | Learned a level 3 spell: Call Canine Familiar
  2496 | D:2      | Reached skill level 4 in Summonings
  3151 | D:2      | Found a white marble altar of Elyvilon.
  3302 | D:2      | Became a worshipper of Elyvilon the Healer
  3422 | D:3      | Noticed a bullfrog
  3438 | D:3      | Killed a bullfrog
  3438 | D:3      | Reached skill level 5 in Summonings
  3438 | D:3      | Reached XP level 4. HP: 17/25 MP: 6/10
  3479 | D:2      | Learned a level 4 spell: Summon Lightning Spire
  3975 | D:3      | Reached skill level 1 in Air Magic
  4171 | D:3      | Noticed Kidiri's ghost (amateur DEFE)
  4200 | D:3      | defe ghost, oh boy
  4322 | D:4      | uh huh
  4373 | D:4      | Reached * piety under Elyvilon
  4391 | D:4      | Reached skill level 2 in Air Magic
  4391 | D:4      | Reached XP level 5. HP: 8/29 MP: 8/11
  5222 | D:4      | Reached skill level 3 in Air Magic
  5635 | D:4      | Noticed a phantom
  5841 | D:4      | Found Esackidu's Jewellery Boutique.
  5946 | D:4      | Reached ** piety under Elyvilon
  6110 | D:4      | Noticed an orc warrior
  6115 | D:4      | uh huh
  6183 | D:5      | Entered Level 5 of the Dungeon
  6833 | D:5      | Reached XP level 6. HP: 26/34 MP: 0/12
  7230 | D:5      | Reached skill level 4 in Air Magic
  7566 | D:5      | Reached skill level 6 in Summonings
  7773 | D:5      | Found a sacrificial altar of Ru.
  8028 | D:6      | Noticed an ice beast
  8037 | D:6      | Noticed Pikel
  8037 | D:6      | Noticed a slave
  8037 | D:6      | Noticed a slave
  8037 | D:6      | Noticed a slave
  8045 | D:6      | Killed from afar by Pikel

Vault maps used:
D:1:      matt_arrival_spirals
D:2:      gammafunk_temple_overflow_forgotten, minmay_guardbox
D:3:      cheibrodos_thug_alley, serial_bayou_ford_a, minmay_statues_item,
          uniq_jessica
D:4:      serial_shops, shop, first_bread, minmay_divided_ellipse
D:5:      nicolae_ru_path_of_blood
D:6:      kennysheep_big_flooded_room, serial_shops, shop,
          small_statue_intersection, uniq_pikel

Skill      XL: |  1  2  3  4  5  6 |
---------------+-------------------+-----
Summonings     | 3 5 6 |  6.4
Dodging        | 1 |  1.0
Air Magic      | 2 3 4 |  4.1
Fighting       | |  1.0
Bows           | |  1.1
Armour         | |  1.0
Stealth        | |  2.4
Spellcasting   | |  3.0
Transmutations | |  1.1

Action                   |  1- 3 |  4- 6 || total
-------------------------+-------+-------++-------
Melee: Dagger            |    63 |       ||    63
       Short sword       |    90 |   154 ||   244
 Cast: Summon Small Mamm |    23 |     3 ||    26
       Call Imp          |     5 |       ||     5
       Call Canine Famil |     2 |    28 ||    30
       Summon Lightning  |       |     5 ||     5
Invok: Lesser Healing    |       |     1 ||     1
  Use: Scroll            |     1 |     8 ||     9
       Potion            |       |     5 ||     5
 Stab: Sleeping          |     5 |     4 ||     9
       Distracted        |     1 |     3 ||     4
  Eat: Bread ration      |     1 |     1 ||     2
       Chunk             |     4 |    10 ||    14
       Royal jelly       |       |     1 ||     1
Armor: Robe              |    26 |    26 ||    52
Dodge: Dodged            |   101 |   126 ||   227
